 Dungeon Crawl Stone Soup version 0.22-a0-571-g4a923d4 (webtiles) character file.

705 iamserjio the Cudgeler (level 7, 2/44 HPs)
             Began as a Gargoyle Fighter on July 1, 2018.
             Was an Initiate of Makhleb.
             Quit the game on level 3 of the Dungeon.
             The game lasted 00:05:59 (743 turns).

iamserjio the Cudgeler (Gargoyle Fighter)            Turns: 743, Time: 00:06:00

Health: 2/44       AC: 12    Str: 18 (20) XL:     7   Next: 67%
Magic:  7/7        EV:  7    Int:  8 (9)  God:    Makhleb [......]
Gold:   38         SH:  9    Dex: 10      Spells: 6/6 levels left

rFire    . . .     SeeInvis .   d - +1 whip (freeze)
rCold    . . .     Gourm    .   c - +0 shield
rNeg     + . .     Faith    .   b - +0 scale mail
rPois    ∞         Spirit   .   (no helmet)
rElec    +         Reflect  .   (no cloak)
rCorr    .         Harm     .   (no gloves)
MR       .....                  (no boots)
Stlth    ..........             (no amulet)
HPRegen  0.14/turn              (no ring)
MPRegen  0.10/turn              (no ring)

@: no status effects
A: negative energy resistance 1, electricity resistance, unbreathing,
petrification resistance, rot immunity, AC +4
a: Renounce Religion


You were on level 3 of the Dungeon.
You worshipped Makhleb.
Makhleb was noncommittal.
You were not hungry.

You visited 2 branches of the dungeon, and saw 5 of its levels.

You collected 38 gold pieces.

Inventory:

Hand Weapons
 a - a +0 flail
 d - a +1 whip of freezing (weapon)
 h - a +0 hunting sling of velocity
Armour
 b - a +0 scale mail (worn)
 c - a +0 shield (worn)
Jewellery
 k - a cursed ring of loudness {unknown}
Scrolls
 e - a scroll of teleportation
Comestibles
 f - 2 rations


   Skills:
 + Level 5.1 Fighting
 * Level 5.5 Maces & Flails
 + Level 5.1 Armour
 + Level 5.1 Shields


You had 6 spell levels left.
You didn't know any spells.
Your spell library was empty.

Dungeon Overview and Level Annotations

Branches:
Dungeon (4/15)             Temple (1/1) D:4

Altars:
Ashenzari
Cheibriados
Dithmenos
Elyvilon
Gozag
Kikubaaqudgha
Makhleb
Nemelex Xobeh
Okawaru
Qazlal
Ru
Vehumet
Wu Jian
Xom
Yredelemnul

Annotations:
D:3 Grinder


Innate Abilities, Weirdness & Mutations

You are resistant to torment.
Your stone body is resilient. (AC +4)
You are immune to poison.
You resist negative energy. (rN+)
You are resistant to electric shocks. (rElec)
You can survive without breathing.
You are immune to petrification.
You are immune to rotting.


Message History

Pain shoots through your body!
* * * LOW HITPOINT WARNING * * *
You whack Grinder!
Grinder is heavily wounded.
Grinder gestures at you.
You suddenly lose the ability to move!
Grinder hits you.
* * * LOW HITPOINT WARNING * * *
You writhe in agony.
* * * LOW HITPOINT WARNING * * *
Grinder hits you but does no damage. x2
Grinder hits you.
* * * LOW HITPOINT WARNING * * *
Grinder blinks!
Grinder gestures at you.
You struggle to resist.
You can move again.
Quiver which item? (- for none, * to show all) (? for menu, Esc to quit)
Okay, then.
Are you sure you want to abandon this character and quit the game? (Confirm with "yes".)

#. #.
#.######
#5.....#
#..†...#
#>....#
#.....#
#.....#
#..@..#
#..§..#
........#
####.....#
#######


You could see Grinder.

Vanquished Creatures
  Pikel (D:4)
  3 orc priests
  An iguana (D:4)
  2 orc wizards (D:4)
  A hound skeleton (D:4)
  2 adders (D:2)
  4 dart slugs
  2 leopard geckos (D:1)
  9 orcs
  A giant cockroach (D:3)
  3 goblins
  6 hobgoblins
  4 jackals (D:3)
  A quokka (D:2)
  2 ball pythons
  3 bats
  A frilled lizard (D:1)
  3 kobolds
  4 rats
53 creatures vanquished.

Notes
Turn   | Place    | Note
-------+----------+-------------------------------------------
     0 | D:1      | iamserjio the Gargoyle Fighter began the quest for the Orb.
     0 | D:1      | Reached XP level 1. HP: 14/14 MP: 1/1
    26 | D:1      | Reached XP level 2. HP: 17/19 MP: 2/2
   237 | D:2      | Reached XP level 3. HP: 21/23 MP: 3/3
   279 | D:2      | Found a sacrificial altar of Ru.
   366 | D:3      | Reached XP level 4. HP: 24/29 MP: 4/4
   387 | D:3      | Reached XP level 5. HP: 22/33 MP: 5/5
   504 | D:4      | Reached XP level 6. HP: 11/39 MP: 6/6
   511 | D:4      | Found a staircase to the Ecumenical Temple.
   527 | Temple   | Entered the Ecumenical Temple
   588 | Temple   | Became a worshipper of Makhleb the Destroyer
   649 | D:4      | Noticed a slave
   649 | D:4      | Noticed a slave
   650 | D:4      | Noticed Pikel
   650 | D:4      | Noticed a slave
   655 | D:4      | Noticed a slave
   674 | D:4      | Killed Pikel
   674 | D:4      | Reached skill level 5 in Fighting
   674 | D:4      | Reached skill level 5 in Maces & Flails
   674 | D:4      | Reached skill level 5 in Armour
   674 | D:4      | Reached skill level 5 in Shields
   674 | D:4      | Reached XP level 7. HP: 13/44 MP: 7/7
   703 | D:3      | Noticed Grinder
   715 | D:3      | Paralysed by Grinder for 4 turns
   736 | D:3      | Paralysed by Grinder for 6 turns
   740 | D:3      | HP: 2/44 [Grinder (3)]
   743 | D:3      | Quit the game

Vault maps used:
D:1:      dpeg_arrival_pond, serial_curves, eino_curves_04, eino_curves_03,
          serial_bayou_ford_a, kennysheep_crisscross
D:2:      led_sif_pool, marbit_many_paths, lemuel_doored_altar, first_ration,
          nicolae_ru_awakened_eye
D:3:      minmay_crystal_room, uniq_grinder
D:4:      minmay_temple_entry_large_hall, gammafunk_ghost_icy,
          hangedman_decor_slide_cut, uniq_pikel
Temple:   zaba_magenta_temple

Skill      XL: |  1  2  3  4  5  6 |
---------------+-------------------+-----
Maces & Flails | 3 4 5 |  5.5
Fighting       | 4 5 |  5.1
Armour         | 4 5 |  5.1
Shields        | 4 5 |  5.1

Action                   |  1- 3 |  4- 6 |  7- 9 || total
-------------------------+-------+-------+-------++-------
Melee: Flail             |    91 |   103 |       ||   194
       Whip              |       |       |    24 ||    24
  Use: Potion            |     1 |     4 |     1 ||     6
       Scroll            |       |     3 |       ||     3
Armor: Scale mail        |   109 |    72 |     8 ||   189
Dodge: Dodged            |    57 |    35 |     3 ||    95
Block: Shield            |    84 |    77 |     7 ||   168

Table legend:
 A = Spawn XP
 B = Non-spawn XP
 C = Spawn XP percentage of total XP
 D = Spawn monster count
 E = Non-spawn monster count
 F = Spawn count percentage of total count
 G = Total turns spent on level
                    A         B        C        D         E        F      G
               +---------+---------+-------+---------+---------+-------+---------
         Total |       0 |    1008 |   0.0 |       0 |      53 |   0.0 |   743
               +---------+---------+-------+---------+---------+-------+---------
           D:1 |       0 |      27 |   0.0 |       0 |      14 |   0.0 |   218
           D:2 |       0 |      45 |   0.0 |       0 |      11 |   0.0 |   124
           D:3 |       0 |     112 |   0.0 |       0 |      15 |   0.0 |   154
           D:4 |       0 |     824 |   0.0 |       0 |      13 |   0.0 |   181
               +---------+---------+-------+---------+---------+-------+---------
